 Dungeon Sprint DCSS version 0.22-a0-389-g8519d86 (webtiles) character file.

7 raistware the Grasshopper (level 2, -3/18 HPs)
             Began as an Octopode Transmuter on Apr 30, 2018.
             Killed by nerve-wracking pain
             ... invoked by an orc high priest
              (13 damage)
             ... in the Dungeon (Sprint V: "Ziggurat Sprint").
             The game lasted 00:03:11 (99 turns).

raistware the Grasshopper (Octopode Transmuter)       Turns: 99, Time: 00:03:13

Health: -3/18      AC:  1    Str: 21    XL:     2   Next: 0%
Magic:  0/7        EV: 13    Int: 27    God:
Gold:   0          SH:  8    Dex: 24    Spells: 6/9 levels left

rFire    . . .     SeeInvis .     - Unarmed
rCold    . . .     Gourm    .   l - +3 buckler
rNeg     . . .     Faith    .   (helmet restricted)
rPois    .         Spirit   .   (no amulet)
rElec    .         Reflect  .   u - +6 ring of dexterity
rCorr    .         Harm     .   v - +6 ring of dexterity
MR       .....     NoTele   +   w - +6 ring of intelligence
Stlth    +++.......             x - +6 ring of intelligence
HPRegen  0.06/turn              y - +6 ring of strength
MPRegen  0.10/turn              z - +6 ring of strength
                                G - ring of flight
                                (no ring)

@: appendage
A: almost no armour, stealthy swim, amphibious, 8 rings, constrict 8, tentacle
spike 3, camouflage 1, gelatinous body 1
a: End Transformation, Evoke Flight


You were in the Dungeon.
You were not hungry.
One of your tentacles had a temporary spike.
You visited 1 branch

Inventory:

Missiles
 a - 1008 arrows
Armour
 l - a +3 buckler (worn)
 D - a +3 large shield
 E - a +3 shield
Jewellery
 u - a +6 ring of dexterity (left tentacle)
 v - a +6 ring of dexterity (right tentacle)
 w - a +6 ring of intelligence (on tentacle)
 x - a +6 ring of intelligence (on tentacle)
 y - a +6 ring of strength (on tentacle)
 z - a +6 ring of strength (on tentacle)
 G - a ring of flight (on tentacle)
Wands
 A - a wand of disintegration (7)
 B - a wand of iceblast (7)
 C - a wand of acid (7)
Scrolls
 i - 4 scrolls of blinking
 o - 4 scrolls of amnesia
 p - 7 scrolls of fog
 q - a scroll of holy word
 r - 5 scrolls of identify
 s - 5 scrolls of remove curse
 t - 2 scrolls of fear
Potions
 b - 2 potions of brilliance
 d - 10 potions of curing
 e - 10 potions of heal wounds
 f - 6 potions of haste
 g - 7 potions of magic
 h - 3 potions of berserk rage
 j - 2 potions of invisibility
 k - 4 potions of resistance
 m - 5 potions of agility
 n - 5 potions of might
Miscellaneous
 F - a lightning rod (4/4)
Comestibles
 c - 7 rations


   Skills:
 - Level 1.0 Fighting
 - Level 2.0 Dodging
 * Level 3.0 Unarmed Combat
 + Level 4.3 Spellcasting
   Level 5.9 Translocations
 + Level 2.0 Transmutations


You had 6 spell levels left.
You knew the following spells:

 Your Spells              Type           Power        Failure   Level  Hunger
a - Beastly Appendage     Tmut           ###...       5%          1    None
b - Sticks to Snakes      Tmut           ###.....     9%          2    None


Dungeon Overview and Level Annotations

Branches:
Dungeon (1/1)

Altars:
Ashenzari
Cheibriados
Dithmenos
Elyvilon
Fedhas
Gozag
Hepliaklqana
Kikubaaqudgha
Makhleb
Nemelex Xobeh
Okawaru
Qazlal
Ru
Sif Muna
Trog
Uskayaw
Vehumet
Wu Jian
Xom
Yredelemnul
Zin
The Shining One
Beogh
Jiyva
Lugonu

Annotations:
D 1 transporter


Innate Abilities, Weirdness & Mutations

You cannot wear most types of armour.
You are very stealthy in the water. (Stealth+)
You are amphibious.
You can wear up to eight rings at the same time.
You can use your tentacles to constrict eight enemies at once.
Your skin changes colour to match your surroundings (Stealth+).
Your rubbery body absorbs attacks. (AC +1, EV +1)
One of your tentacles bears a large vicious spike.


Message History

Casting: Sticks to Snakes (safe; 9% risk of failure)
Confirm with . or Enter, or press ? or * to list all spells.
You create 2 snakes!
You now have 1008 arrows.
The deep elf mage hits you with a dagger.
The orc high priest utters an invocation to Beogh.
Your adder barely misses the orc high priest.
Your ball python bites the deep elf mage.
Your ball python closely misses the deep elf mage.
The ice devil hits your ball python!
Your ball python dies!
Do you really want to go berserk while wielding your 1008 arrows?
Okay, then.
Wield which item (- for none, * to show all)? (? for menu, Esc to quit)
You are now empty-tentacled.
The deep elf mage casts a spell.
The deep elf mage blinks!
The orc high priest calls down the wrath of Beogh upon you.
Pain shoots through your body!
Ouch! That really hurt!
You die...

▓▓▓▓▓▓▓
▓.8©8.▓
▓.....▓
▓.[.[.▓
▓4So4.▓
▓S.§..▓
▓4.@Se▓
▓▓▓▓▓▓▓


You could see an orc high priest, an ice devil, 2 rust devils, a deep elf mage,
a friendly adder and 2 friendly ball pythons.

Vanquished Creatures (others)
  A spatial maelstrom (D)
1 creature vanquished.

Notes
Turn   | Place    | Note
-------+----------+-------------------------------------------
     0 | D        | Found the +6 Majin-Bo {vamp, Archmagi MP+6 Int+6}
     0 | D        | Found the +7 great mace "Firestarter" {inner flame, rF++}
     0 | D        | raistware the Octopode Transmuter began the quest for the Orb.
     0 | D        | Reached XP level 1. HP: 13/13 MP: 3/3
     0 | D        | Found a deep blue altar of Sif Muna.
     0 | D        | Found a sacrificial altar of Ru.
     0 | D        | Found a bloodstained altar of Trog.
     0 | D        | Found a stormy altar of Qazlal.
     0 | D        | Found an iron altar of Okawaru.
     0 | D        | Found a sparkling altar of Nemelex Xobeh.
     0 | D        | Found a blossoming altar of Fedhas.
     2 | D        | Found a transporter.
     2 | D        | Found an ancient bone altar of Kikubaaqudgha.
     2 | D        | Found a viscous altar of Jiyva.
     2 | D        | Found a corrupted altar of Lugonu.
     2 | D        | Found a hazy altar of Hepliaklqana.
     2 | D        | Found a burning altar of Makhleb.
     2 | D        | Found an opulent altar of Gozag.
    16 | D        | Banished a spatial maelstrom
    19 | D        | Found the +9 heavy crossbow "Sniper" {velocity, Acc+∞ SInv}
    19 | D        | Found the +10 dark maul {crush}
    19 | D        | Found the +15 Maxwell's patent armour {-Cast -Tele rElec MR+ rCorr}
    19 | D        | Found the +18 shield of the Gong {rElec rN+ MR+ EV-5}
    19 | D        | Found the cursed +14 obsidian axe {chop, +Fly SInv *Curse}
    20 | D        | Found the +6 shillelagh "Devastator" {shatter}
    20 | D        | Found the +11 plutonium sword {*Contam Stlth-}
    20 | D        | Found the +8 lance "Wyrmbane" {slay drac, rPois rF+ rC+ AC+3}
    20 | D        | Found the +9 sword of Zonguldrok {reap}
    20 | D        | Found the cursed +13 scythe of Curses {drain, *Curse}
    20 | D        | Found the +0 sword of Power
    20 | D        | Found the +11 mace of Variability {chaos}
    20 | D        | Found the +7 Singing Sword
    20 | D        | Found the +7 longbow "Piercer" {penet, EV-2}
    40 | D        | Reached skill level 5 in Translocations
    40 | D        | Reached XP level 2. HP: 18/18 MP: 4/7
    88 | D        | Learned a level 2 spell: Sticks to Snakes
    94 | D        | Entered arena 2.
    94 | D        | Noticed an orc high priest
    94 | D        | Noticed a deep elf mage
    94 | D        | Found a transporter.
    97 | D        | Noticed an ice devil
    99 | D        | Noticed a rust devil
    99 | D        | Noticed a rust devil
    99 | D        | Killed from afar by an orc high priest

Vault maps used:
D:        sprint_v

Skill      XL: |  1 |
---------------+----+-----
Spellcasting   | 4 |  4.3
Translocations | 5 |  5.9
Fighting       | |  1.0
Dodging        | |  2.0
Unarmed Combat | |  3.0
Transmutations | |  2.0

Action                   || total
-------------------------++-------
 Cast: Sticks to Snakes  ||     3
       Beastly Appendage ||     1
  Use: Potion            ||     1

Table legend:
 A = Spawn XP
 B = Non-spawn XP
 C = Spawn XP percentage of total XP
 D = Spawn monster count
 E = Non-spawn monster count
 F = Spawn count percentage of total count
 G = Total turns spent on level
                    A         B        C        D         E        F      G
               +---------+---------+-------+---------+---------+-------+---------
         Total |       0 |       0 |   N/A |       0 |       0 |   N/A |    99
               +---------+---------+-------+---------+---------+-------+---------
               +---------+---------+-------+---------+---------+-------+---------
